 Seeded DCSS version 0.30-a0-860-g512cf1e979 (webtiles) character file.

Game seed: 20230308 (custom seed)

177 muata the Insei (level 5, -6/41 HPs)
             Began as a Gnoll Transmuter on Mar 8, 2023.
             Mangled by a black bear (9 damage)
             ... on level 3 of the Dungeon.
             The game lasted 00:08:12 (2650 turns).

muata the Insei (Gnoll Transmuter)                  Turns: 2650, Time: 00:08:13

Health: -6/41      AC:  4    Str:  9    XL:     5   Next: 57%
Magic:  11/12      EV: 13    Int: 15    God:
Gold:   142        SH:  0    Dex: 12    Spells: 3/14 levels left

rFire   . . .      SeeInvis .      - Unarmed
rCold   . . .      Faith    .    (no shield)
rNeg    . . .      Spirit   .    a - +0 robe
rPois   .          Reflect  .    (helmet currently unavailable)
rElec   .          Rampage  .    i - +0 cloak
rCorr   .                        n - +0 pair of gloves
Will    .....                    (boots currently unavailable)
Stlth   ++                       (no amulet)
HPRegen 0.26/turn                (no ring)
MPRegen 0.13/turn                (no ring)

@: appendages (expiring), wereblooded
A: horns 2, talons 2, fangs 1, strong nose, distributed training
a: End Transformation


You were on level 3 of the Dungeon.
You had temporarily grown beastly horns and talons.
You visited 1 branch of the dungeon, and saw 4 of its levels.

You collected 142 gold pieces.

Inventory:

Armour
 a - a +0 robe (worn)
 i - a +0 cloak (worn)
 k - a +2 leather armour of cold resistance
 n - a +0 pair of gloves (worn)
Wands
 j - a wand of digging (5)
Scrolls
 c - a scroll of vulnerability {unknown}
 e - a scroll of torment {unknown}
 f - 3 scrolls of identify
 g - a scroll of magic mapping {unknown}
 m - 2 scrolls of amnesia
Potions
 b - 3 potions of lignification
 d - 2 potions of ambrosia
 h - a potion of attraction {unknown}
 l - a potion of curing {unknown}


   Skills:
 + Level 3.0 Fighting
 + Level 1.6 Short Blades
 + Level 1.6 Long Blades
 + Level 1.6 Axes
 + Level 1.6 Maces & Flails
 + Level 1.6 Polearms
 + Level 1.6 Staves
 + Level 1.6 Ranged Weapons
 + Level 1.6 Throwing
 + Level 1.6 Armour
 + Level 4.8 Dodging
 + Level 1.6 Stealth
 + Level 1.6 Shields
 + Level 6.7 Unarmed Combat
 + Level 5.2 Spellcasting
 + Level 1.3 Conjurations
 + Level 1.3 Hexes
 + Level 1.3 Summonings
 + Level 1.3 Necromancy
 + Level 1.3 Translocations
 + Level 4.0 Transmutations
 + Level 1.3 Fire Magic
 + Level 1.3 Ice Magic
 + Level 1.3 Air Magic
 + Level 1.3 Earth Magic
 + Level 1.3 Poison Magic
 + Level 1.8 Invocations
 + Level 1.6 Evocations


You had 3 spell levels left.
You knew the following spells:

 Your Spells              Type           Power      Damage    Failure   Level
a - Beastly Appendage     Tmut           32%        N/A       3%          1
b - Wereblood             Tmut           16%        N/A       4%          2
c - Ensorcelled Hibernat  Hex/Ice        14%        N/A       14%         2
d - Spider Form           Tmut/Pois      11%        N/A       16%         3
e - Stone Arrow           Conj/Erth      14%        3d7       28%         3

Your spell library contained the following spells:

 Spells                   Type           Power      Damage    Failure   Level
 Ice Form                 Ice/Tmut       11%        N/A       47%         4
 Anguish                  Hex/Necr       3%         N/A       67%         4
 Animate Armour           Summ/Erth      14%        N/A       67%         4
 Lehudib's Crystal Spear  Conj/Erth      3%         10d3      100%        8


Dungeon Overview and Level Annotations

Branches:
Dungeon (4/15)
 Temple: D:4-7

Altars:

Shops:
D:1 =   D:3 (


Innate Abilities, Weirdness & Mutations

You have temporarily grown beastly horns and talons.
You have very sharp teeth.
Your uncanny sense of smell can sniff out nearby items.
Your experience applies equally to all skills.


Message History

The black bear claws you but does no damage.
The black bear barely misses you.
You barely miss the black bear.
The black bear is lightly wounded.
The orc hits you with a +0 hand axe. The black bear barely misses you.
The black bear claws you. x2
You hit the black bear.
The black bear is moderately wounded.
The orc closely misses you. The black bear bites you.
The black bear claws you. x2
You hit the black bear but do no damage.
The black bear is moderately wounded.
The orc closely misses you. The black bear barely misses you. x2
The black bear claws you but does no damage.
You barely miss the black bear.
The black bear is moderately wounded.
The orc barely misses you. The black bear bites you.
The black bear misses you. x2
You barely miss the black bear.
You bite the black bear, but do no damage.
The black bear is moderately wounded.
You hit the black bear. Your kick misses the black bear.
The black bear is heavily wounded.
The orc barely misses you. The black bear barely misses you.
The black bear misses you. The black bear closely misses you.
You hit the black bear. You headbutt the black bear!
The black bear is almost dead.
Your transformation is almost over.
The orc closely misses you.
The black bear goes berserk!
You hit the black bear. Your headbutt misses the black bear.
The black bear is almost dead.
The black bear bites you!
* * * LOW HITPOINT WARNING * * *
The black bear barely misses you. The black bear completely misses you.
The orc closely misses you. The black bear barely misses you.
The black bear misses you. The black bear claws you.
* * * LOW HITPOINT WARNING * * *
You barely miss the black bear. Your kick misses the black bear.
Your bite misses the black bear.
The black bear is almost dead.
The orc closely misses you. The black bear bites you!
You die...

.# .# .# ########
.####### #......#
.......# #.####.#
######.# #.# #.#
.....#.# #.# #.#
.###.#.#####.####o#
...............)@.#
.###'#+#+#######.h#
.#........###.....#
.'........+.##.#.##
##........#.##.#.#
........<##.##.#.#
...)#######....#.#
....# ######.#
....# #.#


You could see a black bear (berserk) and an orc.

Vanquished Creatures
  Crazy Yiuf (D:2)
  An iguana (D:3)
  5 adders
  2 worms
  A dart slug (D:2)
  9 orcs (D:3)
  3 endoplasms
  A giant cockroach (D:1)
  8 goblins
  5 hobgoblins
  6 quokkas
  7 ball pythons
  5 bats
  3 frilled lizards
  3 kobolds
  6 rats
66 creatures vanquished.

Notes
Turn   | Place    | Note
-------+----------+-------------------------------------------
     0 | D:1      | muata the Gnoll Transmuter began the quest for the Orb.
     0 | D:1      | Reached XP level 1. HP: 17/17 MP: 6/6
   161 | D:1      | Reached XP level 2. HP: 17/23 MP: 7/7
   234 | D:1      | Found Hyheeph's Jewellery Shoppe.
   686 | D:1      | Reached skill level 5 in Spellcasting
   686 | D:1      | Reached XP level 3. HP: 17/28 MP: 6/9
   689 | D:1      | Learned a level 2 spell: Wereblood
  1157 | D:2      | Reached skill level 1 in Invocations
  1402 | D:2      | Reached skill level 1 in Short Blades
  1402 | D:2      | Reached skill level 1 in Long Blades
  1402 | D:2      | Reached skill level 1 in Axes
  1402 | D:2      | Reached skill level 1 in Maces & Flails
  1402 | D:2      | Reached skill level 1 in Polearms
  1402 | D:2      | Reached skill level 1 in Staves
  1402 | D:2      | Reached skill level 1 in Ranged Weapons
  1402 | D:2      | Reached skill level 1 in Throwing
  1402 | D:2      | Reached skill level 1 in Armour
  1402 | D:2      | Reached skill level 1 in Stealth
  1402 | D:2      | Reached skill level 1 in Shields
  1402 | D:2      | Reached skill level 1 in Evocations
  1468 | D:2      | Found a runed translucent door.
  1469 | D:2      | Noticed Crazy Yiuf
  1600 | D:2      | Killed Crazy Yiuf
  1601 | D:2      | Reached skill level 1 in Conjurations
  1601 | D:2      | Reached skill level 1 in Hexes
  1601 | D:2      | Reached skill level 1 in Summonings
  1601 | D:2      | Reached skill level 1 in Necromancy
  1601 | D:2      | Reached skill level 1 in Translocations
  1601 | D:2      | Reached skill level 1 in Fire Magic
  1601 | D:2      | Reached skill level 1 in Ice Magic
  1601 | D:2      | Reached skill level 1 in Air Magic
  1601 | D:2      | Reached skill level 1 in Earth Magic
  1601 | D:2      | Reached skill level 1 in Poison Magic
  1601 | D:2      | Reached XP level 4. HP: 22/34 MP: 9/11
  1740 | D:3      | Reached XP level 5. HP: 19/40 MP: 12/12
  1981 | D:3      | Learned a level 2 spell: Ensorcelled Hibernation
  1985 | D:3      | Learned a level 3 spell: Spider Form
  1989 | D:3      | Learned a level 3 spell: Stone Arrow
  2192 | D:3      | Found Tierukig's Weapon Shoppe.
  2617 | D:4      | Noticed a black bear
  2649 | D:3      | HP: 2/41 [black bear (6)]
  2650 | D:3      | Mangled by a black bear

Illustrated notes

Levels and vault maps discovered:
D:1:      mrwooster_arrival_statue_2, layout_basic, serial_shops,
          nicolae_shop_advertising_works [nicolae_subvault_shop_adworks]
D:2:      layout_rooms, uniq_crazy_yiuf_cottage
D:3:      layout_basic, serial_shops, nicolae_shop_behind_doors
D:4:      layout_cave_pools, minmay_temple_entry_wispy

Skill      XL: |  1  2  3  4  5 |
---------------+----------------+-----
Spellcasting   | 5 |  5.2
Invocations    | 1 |  1.8
Short Blades   | 1 |  1.6
Long Blades    | 1 |  1.6
Axes           | 1 |  1.6
Maces & Flails | 1 |  1.6
Polearms       | 1 |  1.6
Staves         | 1 |  1.6
Ranged Weapons | 1 |  1.6
Throwing       | 1 |  1.6
Armour         | 1 |  1.6
Stealth        | 1 |  1.6
Shields        | 1 |  1.6
Evocations     | 1 |  1.6
Conjurations   | 1 |  1.3
Hexes          | 1 |  1.3
Summonings     | 1 |  1.3
Necromancy     | 1 |  1.3
Translocations | 1 |  1.3
Fire Magic     | 1 |  1.3
Ice Magic      | 1 |  1.3
Air Magic      | 1 |  1.3
Earth Magic    | 1 |  1.3
Poison Magic   | 1 |  1.3
Fighting       | 3 |  3.0
Transmutations | 4 |  4.0
Dodging        | |  4.8
Unarmed Combat | |  6.7

Action                     |  1- 3 |  4- 6 || total
---------------------------+-------+-------++-------
  Melee: Unarmed           |   108 |    99 ||   207
         Kick              |    15 |    16 ||    31
         Bite              |    12 |     5 ||    17
         Headbutt          |     8 |     5 ||    13
         Punch             |     1 |     3 ||     4
   Cast: Beastly Appendage |    15 |    12 ||    27
         Wereblood         |       |     2 ||     2
    Use: Scroll            |       |     2 ||     2
   Stab: Sleeping          |     3 |     2 ||     5
 Armour: Robe              |    19 |    17 ||    36
  Dodge: Dodged            |    69 |    67 ||   136

Table legend: (Time is in decaauts)
 A = Elapsed time spent in this place.
 B = Non-inter-level travel time spent in this place.
 C = Inter-level travel time spent in this place.
 D = Time resting spent in this place.
 E = Time spent auto-exploring this place.
 F = Levels seen in this place.
 G = Mean time per level.
                   A        B        C        D        E       F      G
               +--------+--------+--------+--------+--------+-----+--------+
         Total |   2626 |   2519 |    107 |    283 |   1582 |   4 |  656.5 |
       Dungeon |   2626 |   2519 |    107 |    283 |   1582 |   4 |  656.5 |
               +--------+--------+--------+--------+--------+-----+--------+

Top non-repeatable levels by time:
     D:1: 1036 daAuts
     D:3: 929 daAuts
     D:2: 654 daAuts
     D:4: 6 daAuts
